[ AOE2 MATCH · #495980666 ]
UnrankedCumans vs Britons
Player's team · WIN
Rival team · LOSS
[ REPLAY ANALYSIS · EXTRACTED FROM THE RECORDED GAME ]
Feudal
9:22
Castle
23:03
Imperial
—
| APM avg | 58.0 |
| APM peak | 91 |
| eAPM avg | 21.8 |
| Villagers / military | 123 / 46 |
Focus
⚔️ 26.4% · 🌾 73.6%
Knight ×39 · Skirmisher ×7
Feudal
9:16
Castle
19:57
Imperial
—
| APM avg | 62.1 |
| APM peak | 112 |
| eAPM avg | 26.1 |
| Villagers / military | 81 / 51 |
Focus
⚔️ 31.9% · 🌾 68.1%
Archer ×41 · Mangonel ×4 · Monk ×3 · Militia ×3
Match map
Initial resources + every placement click. Lines = walls · curves = elevation contours. ◆ gold · ⬟ stone · ● berries · ✦ relic · ◌ wall gap
Your base· Open — unwalled flank
juiciel's base· Open — 6t gap
Smoothed initial terrain · ◌ = detected wall gap · hover for details
Inputs per minute
— Brother_Dege - - juiciel
Build order — Brother_Dege
First 150 of 279 actions detected
| 0:00 | Queue | Villager (Male) |
| 0:00 | Queue | Villager (Male) |
| 0:02 | Build | House |
| 0:03 | Build | House |
| 0:10 | Queue | Villager (Male) |
| 0:10 | Queue | Villager (Male) |
| 1:22 | Queue | Villager (Male) |
| 2:03 | Queue | Villager (Male) |
| 2:18 | Queue | Villager (Male) |
| 2:28 | Build | Lumber Camp |
| 3:21 | Queue | Villager (Male) |
| 3:21 | Queue | Villager (Male) |
| 3:55 | Queue | Villager (Male) |
| 4:08 | Queue | Villager (Male) |
| 4:14 | Build | House |
| 4:42 | Build | Mill |
| 4:50 | Queue | Villager (Male) |
| 5:01 | Queue | Villager (Male) |
| 5:02 | Queue | Villager (Male) |
| 5:06 | Queue | Villager (Male) |
| 5:44 | Queue | Villager (Male) |
| 5:53 | Queue | Villager (Male) |
| 6:00 | Queue | Villager (Male) |
| 6:44 | Research | Loom |
| 7:13 | Research | Feudal Age |
| 7:51 | Build | House |
| 8:24 | Queue | Villager (Male) |
| 8:26 | Build | Barracks |
| 9:22 | Age | Feudal Age |
| 9:33 | Build | Archery Range |
| 9:40 | Queue | Villager (Male) |
| 9:55 | Build | Town Center |
| 9:57 | Queue | Villager (Male) |
| 10:05 | Research | Double-Bit Axe |
| 10:16 | Queue | Villager (Male) |
| 10:16 | Queue | Villager (Male) |
| 10:29 | Queue | Skirmisher |
| 10:30 | Queue | Villager (Male) |
| 10:47 | Queue | Villager (Male) |
| 10:52 | Queue | Skirmisher |
| 11:09 | Build | House |
| 11:38 | Queue | Villager (Male) |
| 11:43 | Queue | Villager (Male) |
| 11:48 | Build | Mill |
| 12:10 | Build | Farm |
| 12:18 | Queue | Villager (Male) |
| 12:42 | Build | Farm |
| 12:43 | Build | Farm |
| 12:47 | Build | House |
| 12:58 | Queue | Villager (Male) |
| 12:59 | Queue | Skirmisher |
| 13:03 | Build | Farm |
| 13:12 | Build | Farm |
| 13:19 | Queue | Villager (Male) |
| 13:20 | Queue | Villager (Male) |
| 13:24 | Queue | Villager (Male) |
| 13:30 | Queue | Villager (Male) |
| 13:35 | Build | Farm |
| 13:38 | Queue | Villager (Male) |
| 13:54 | Build | House |
| 13:58 | Build | Farm |
| 13:59 | Queue | Villager (Male) |
| 14:08 | Queue | Villager (Male) |
| 14:14 | Build | Farm |
| 14:17 | Queue | Villager (Male) |
| 14:23 | Queue | Villager (Male) |
| 14:26 | Build | Farm |
| 14:34 | Build | Farm |
| 14:41 | Build | House |
| 14:49 | Queue | Villager (Male) |
| 15:01 | Queue | Villager (Male) |
| 15:01 | Queue | Villager (Male) |
| 15:11 | Build | House |
| 15:13 | Queue | Villager (Male) |
| 15:17 | Build | Farm |
| 15:17 | Build | Farm |
| 15:19 | Queue | Villager (Male) |
| 15:25 | Queue | Villager (Male) |
| 15:26 | Queue | Villager (Male) |
| 15:27 | Build | Farm |
| 15:49 | Queue | Skirmisher |
| 15:50 | Queue | Villager (Male) |
| 15:51 | Queue | Villager (Male) |
| 15:53 | Build | Farm |
| 16:02 | Build | Palisade Wall |
| 16:14 | Queue | Villager (Male) |
| 16:21 | Queue | Villager (Male) |
| 16:44 | Build | Farm |
| 16:44 | Queue | Villager (Male) |
| 16:48 | Build | Blacksmith |
| 16:48 | Queue | Villager (Male) |
| 17:11 | Queue | Villager (Male) |
| 17:12 | Queue | Villager (Male) |
| 17:25 | Queue | Villager (Male) |
| 17:25 | Queue | Villager (Male) |
| 17:27 | Build | Farm |
| 17:30 | Build | Farm |
| 17:35 | Queue | Villager (Male) |
| 17:40 | Build | House |
| 17:41 | Queue | Villager (Male) |
| 17:48 | Queue | Villager (Male) |
| 17:48 | Queue | Villager (Male) |
| 17:52 | Build | Farm |
| 17:52 | Build | Farm |
| 17:53 | Build | Farm |
| 17:54 | Build | Farm |
| 18:03 | Queue | Villager (Male) |
| 18:04 | Queue | Skirmisher |
| 18:07 | Build | Farm |
| 18:16 | Build | Farm |
| 18:18 | Queue | Villager (Male) |
| 18:20 | Build | Farm |
| 18:23 | Research | Horse Collar |
| 18:27 | Queue | Villager (Male) |
| 18:31 | Build | House |
| 18:31 | Queue | Villager (Male) |
| 18:31 | Queue | Villager (Male) |
| 18:38 | Build | Farm |
| 18:40 | Queue | Villager (Male) |
| 18:41 | Queue | Villager (Male) |
| 18:44 | Queue | Villager (Male) |
| 18:45 | Queue | Skirmisher |
| 18:50 | Build | House |
| 18:51 | Queue | Villager (Male) |
| 18:58 | Build | House |
| 19:01 | Queue | Villager (Male) |
| 19:01 | Queue | Villager (Male) |
| 19:05 | Build | Farm |
| 19:10 | Build | Farm |
| 19:11 | Queue | Villager (Male) |
| 19:12 | Build | Farm |
| 19:12 | Queue | Villager (Male) |
| 19:18 | Build | Farm |
| 19:19 | Queue | Villager (Male) |
| 19:22 | Build | Farm |
| 19:34 | Queue | Skirmisher |
| 19:39 | Build | House |
| 19:40 | Build | House |
| 19:43 | Queue | Villager (Male) |
| 19:56 | Build | Stable |
| 20:05 | Build | House |
| 20:06 | Build | House |
| 20:07 | Build | House |
| 20:08 | Build | House |
| 20:16 | Build | House |
| 20:23 | Research | Castle Age |
| 20:25 | Build | House |
| 20:30 | Build | House |
| 20:37 | Queue | Villager (Male) |
| 20:44 | Build | House |
Build order — juiciel
First 150 of 247 actions detected
| 0:00 | Queue | Villager (Male) |
| 0:00 | Queue | Villager (Male) |
| 0:01 | Build | House |
| 0:02 | Build | House |
| 0:15 | Queue | Villager (Male) |
| 0:16 | Queue | Villager (Male) |
| 0:16 | Queue | Villager (Male) |
| 1:19 | Queue | Villager (Male) |
| 1:47 | Queue | Villager (Male) |
| 1:49 | Build | Mill |
| 2:11 | Queue | Villager (Male) |
| 2:23 | Queue | Villager (Male) |
| 2:23 | Queue | Villager (Male) |
| 2:37 | Queue | Villager (Male) |
| 2:37 | Queue | Villager (Male) |
| 3:24 | Queue | Villager (Male) |
| 4:01 | Queue | Villager (Male) |
| 4:12 | Queue | Villager (Male) |
| 4:19 | Build | House |
| 4:19 | Build | House |
| 4:40 | Queue | Villager (Male) |
| 4:55 | Queue | Villager (Male) |
| 5:51 | Queue | Villager (Male) |
| 5:53 | Queue | Villager (Male) |
| 6:22 | Build | Lumber Camp |
| 6:37 | Research | Loom |
| 6:52 | Research | Feudal Age |
| 7:18 | Queue | Villager (Male) |
| 7:57 | Build | Barracks |
| 8:37 | Build | Mining Camp |
| 8:51 | Queue | Militia |
| 8:51 | Queue | Militia |
| 9:11 | Queue | Militia |
| 9:16 | Age | Feudal Age |
| 9:26 | Build | Archery Range |
| 9:32 | Queue | Villager (Male) |
| 9:48 | Build | Farm |
| 10:03 | Queue | Villager (Male) |
| 10:07 | Research | Man-at-Arms (upgrade) |
| 10:07 | Research | Man-at-Arms (upgrade) |
| 10:09 | Build | Farm |
| 10:16 | Build | House |
| 10:31 | Queue | Villager (Male) |
| 10:35 | Research | Double-Bit Axe |
| 10:51 | Queue | Villager (Male) |
| 11:00 | Build | Mill |
| 11:19 | Queue | Villager (Male) |
| 11:20 | Build | Farm |
| 11:46 | Queue | Villager (Male) |
| 11:59 | Queue | Villager (Male) |
| 12:12 | Queue | Archer |
| 12:13 | Queue | Archer |
| 12:16 | Build | House |
| 12:17 | Build | House |
| 12:28 | Build | Farm |
| 12:30 | Queue | Villager (Male) |
| 12:34 | Build | House |
| 12:36 | Build | Palisade Wall |
| 12:39 | Build | Farm |
| 12:41 | Build | Farm |
| 12:43 | Build | Farm |
| 12:50 | Queue | Archer |
| 12:57 | Build | Farm |
| 12:59 | Queue | Villager (Male) |
| 13:00 | Build | Farm |
| 13:02 | Build | Farm |
| 13:08 | Build | Farm |
| 13:27 | Build | House |
| 13:28 | Queue | Villager (Male) |
| 13:32 | Build | Palisade Wall |
| 13:35 | Queue | Archer |
| 13:39 | Queue | Villager (Male) |
| 13:51 | Build | Farm |
| 14:09 | Build | Farm |
| 14:17 | Queue | Villager (Male) |
| 14:28 | Build | Farm |
| 14:36 | Queue | Villager (Male) |
| 14:41 | Build | Farm |
| 14:55 | Queue | Villager (Male) |
| 15:04 | Build | Farm |
| 15:27 | Queue | Villager (Male) |
| 15:29 | Build | Farm |
| 15:42 | Build | Farm |
| 15:58 | Queue | Villager (Male) |
| 16:05 | Queue | Villager (Male) |
| 16:40 | Queue | Villager (Male) |
| 16:43 | Build | Blacksmith |
| 17:17 | Research | Castle Age |
| 17:21 | Queue | Archer |
| 17:40 | Queue | Archer |
| 17:53 | Build | Lumber Camp |
| 17:55 | Research | Fletching |
| 18:03 | Research | Gold Mining |
| 18:03 | Research | Gold Mining |
| 18:10 | Queue | Archer |
| 18:11 | Queue | Archer |
| 18:19 | Build | House |
| 18:23 | Build | Palisade Wall |
| 18:31 | Build | Palisade Wall |
| 18:33 | Queue | Villager (Male) |
| 18:34 | Queue | Archer |
| 19:02 | Build | Archery Range |
| 19:06 | Queue | Archer |
| 19:12 | Build | Palisade Wall |
| 19:19 | Build | Palisade Gate |
| 19:25 | Research | Padded Archer Armor |
| 19:35 | Build | House |
| 19:39 | Queue | Archer |
| 19:39 | Queue | Archer |
| 19:45 | Build | Palisade Wall |
| 19:48 | Build | Palisade Wall |
| 19:56 | Build | Palisade Wall |
| 19:57 | Age | Castle Age |
| 20:04 | Research | Bodkin Arrow |
| 20:05 | Research | Long Swordsman (upgrade) |
| 20:07 | Research | Crossbowman (upgrade) |
| 20:16 | Queue | Villager (Male) |
| 20:17 | Research | Bow Saw |
| 20:18 | Research | Bow Saw |
| 20:34 | Queue | Archer |
| 20:35 | Queue | Archer |
| 20:36 | Queue | Villager (Male) |
| 20:40 | Build | House |
| 20:45 | Build | Palisade Wall |
| 20:56 | Queue | Villager (Male) |
| 20:58 | Queue | Archer |
| 20:59 | Queue | Archer |
| 21:15 | Build | Siege Workshop |
| 21:34 | Queue | Villager (Male) |
| 21:34 | Queue | Archer |
| 21:34 | Queue | Archer |
| 21:41 | Queue | Archer |
| 21:46 | Queue | Archer |
| 22:02 | Build | Town Center |
| 22:11 | Queue | Archer |
| 22:12 | Queue | Villager (Male) |
| 22:12 | Queue | Villager (Male) |
| 22:26 | Queue | Archer |
| 22:26 | Queue | Archer |
| 22:34 | Queue | Mangonel |
| 22:37 | Build | House |
| 22:47 | Queue | Villager (Male) |
| 22:49 | Queue | Villager (Male) |
| 22:50 | Queue | Archer |
| 23:01 | Build | Town Center |
| 23:14 | Queue | Villager (Male) |
| 23:20 | Build | Monastery |
| 23:30 | Queue | Villager (Male) |
| 23:30 | Queue | Villager (Male) |
| 23:46 | Build | House |
Match timeline
| 7:57 | juiciel · first_building Barracks |
| 8:26 | Brother_Dege · first_building Barracks |
| 9:16 | juiciel · age_up feudal |
| 9:22 | Brother_Dege · age_up feudal |
| 9:26 | juiciel · first_building Archery Range |
| 9:33 | Brother_Dege · first_building Archery Range |
| 12:36 | juiciel · wall_segment Palisade Wall x16 |
| 13:32 | juiciel · wall_segment Palisade Wall x10 |
| 16:02 | Brother_Dege · wall_segment Palisade Wall x1 |
| 18:23 | juiciel · wall_segment Palisade Wall x4 |
| 18:31 | juiciel · wall_segment Palisade Wall x6 |
| 19:12 | juiciel · wall_segment Palisade Wall x4 |
| 19:45 | juiciel · wall_segment Palisade Wall x3 |
| 19:48 | juiciel · wall_segment Palisade Wall x2 |
| 19:56 | juiciel · wall_segment Palisade Wall x6 |
| 19:56 | Brother_Dege · first_building Stable |
| 19:57 | juiciel · age_up castle |
| 20:45 | juiciel · wall_segment Palisade Wall x5 |
| 21:15 | juiciel · first_building Siege Workshop |
| 23:03 | Brother_Dege · age_up castle |
| 23:20 | juiciel · first_building Monastery |
| 24:51 | Brother_Dege · first_market_buy 100 food |
| 30:04 | juiciel · resign |
[ AI ANALYSIS · 1 CREDIT ]
What really happened in this match?
Wolo.gg analyzes every decision: build order, eco, micro, common mistakes by bracket. Personalized analysis on WhatsApp or Discord in 30 seconds.
Civ guide
Cumans
Perfil
Brother_Dege